Map: Wolfe Industries Compound

Players

ShutUp

  • Race: Protoss Protoss
  • Spawn Location: 12:00

Grondl

  • Race: Terran Terran
  • Spawn Location: 3:00

Gracz

  • Race: Terran Terran
  • Spawn Location: 7:00

AnechkA

  • Race: Protoss Protoss
  • Spawn Location: 7:00

VOD

Have the link to the VOD?

Description

Time

  • Played on: March 7, 2016, 10:11 a.m.
  • Length: 7:28
Show
View Real Time Build Order
Export as new Build Order

ShutUp Protoss 

Build Orders: 1 Gate Expand, Nexus First 

Get SALT Encoding   

  12  0:02  Probe (Chrono Boost)  
  13  0:24  Pylon  
  13  0:42  Gateway  
  13  1:02  Nexus  
  13  1:11  Assimilator  
  13  1:16  Assimilator  
  13  1:18  Probe (Chrono Boost)  
  14  1:33  Cybernetics Core  
  14  1:40  Probe (Chrono Boost)  
  15  1:51  Probe (Chrono Boost)  
  17  2:01  Probe (Chrono Boost)  
  17  2:20  Probe (Chrono Boost)  
  18  2:31  Probe x2 (Chrono Boost)  
  20  2:41  Probe (Chrono Boost)  
  20  2:42  Probe (Chrono Boost)  
  22  2:51  Forge  
  22  2:52  Probe (Chrono Boost), Zealot  
  25  3:03  Probe (Chrono Boost)  
  26  3:07  Twilight Council  
  26  3:13  Probe (Chrono Boost)  
  26  3:19  Zealot  
  29  3:24  Probe (Chrono Boost)  
  29  3:26  Mothership Core (Chrono Boost)  
  32  3:34  Probe (Chrono Boost)  
  32  3:36  Assimilator  
  32  3:39  Assimilator  
  33  3:45  Probe (Chrono Boost)  
  33  3:46  Zealot  
  36  3:53  Stargate  
  37  3:55  Probe (Chrono Boost)  
  37  4:06  Probe (Chrono Boost)  
  38  4:41  Pylon  
  38  4:43  Pylon  
  38  4:46  Pylon  
  38  4:50  Pylon  
  38  4:53  Pylon  
  38  4:59  Probe (Chrono Boost)  
  39  5:01  Pylon  
  39  5:05  Pylon  
  39  5:07  Void Ray  
  39  5:10  Probe (Chrono Boost)  
  44  5:18  Protoss Shields Level 1  
  44  5:36  Nexus  
  44  5:45  Pylon  
  44  5:47  Pylon  
  44  5:49  Void Ray  
  44  5:56  Assimilator  
  48  5:58  Assimilator  
  48  6:32  Void Ray  
  48  7:17  Fleet Beacon  
Show
View Real Time Build Order
Export as new Build Order

Grondl Terran 

Build Orders:  

Get SALT Encoding   

  12  0:02  SCV  
  13  0:17  Supply Depot  
  13  0:19  SCV  
  14  0:31  SCV  
  15  0:46  Barracks  
  15  0:48  SCV  
  16  0:52  Refinery  
  16  0:59  Refinery  
  16  1:00  SCV  
  17  1:13  SCV  
  18  1:25  SCV  
  19  1:34  Supply Depot  
  19  1:36  Barracks Reactor  
  19  1:37  SCV  
  19  1:39  Barracks Reactor  
  20  1:49  SCV  
  21  1:58  Supply Depot  
  22  2:01  SCV  
  22  2:13  SCV  
  23  2:16  Marine x2  
  25  2:24  Supply Depot  
  25  2:33  Marine  
  25  2:34  Marine  
  27  2:41  SCV  
  28  2:51  Marine x2  
  28  2:52  Engineering Bay  
  30  3:18  Marine x2  
  30  3:19  Engineering Bay  
  32  3:21  Command Center  
  32  3:26  SCV  
  33  3:33  Terran Infantry Weapons Level 1  
  33  3:35  Marine  
  33  3:36  Marine  
  35  3:51  Terran Infantry Armor Level 1  
  35  3:53  Marine x2  
  37  3:59  Supply Depot  
  37  4:10  Orbital Command  
  37  4:22  Supply Depot  
  37  4:34  Marine x2  
  39  4:51  Marine  
  39  4:52  Marine  
  41  5:09  Marine x2  
  41  5:10  Factory  
  41  5:13  SCV  
  44  5:25  SCV  
  45  5:33  Marine x2  
  47  5:37  SCV  
  48  5:49  SCV  
  49  6:01  SCV  
  49  6:05  Marine x2  
  49  6:10  Armory  
  51  6:13  SCV  
  52  6:26  SCV  
  52  6:30  Barracks  
  52  6:32  Barracks  
  53  6:33  Barracks  
  53  6:53  SCV  
  51  7:05  SCV  
  53  7:24  Barracks Reactor  
Show
View Real Time Build Order
Export as new Build Order

Gracz Terran 

Build Orders:  

Get SALT Encoding   

  12  0:01  SCV  
  4  2:41  Refinery  
  4  3:02  SCV  
  5  3:14  SCV  
Show
View Real Time Build Order
Export as new Build Order

AnechkA Protoss 

Build Orders:  

Get SALT Encoding   

  12  0:02  Probe (Chrono Boost)  
  13  0:53  Probe (Chrono Boost)  
  15  1:04  Probe (Chrono Boost)  
  15  1:05  Pylon  
  15  1:23  Probe (Chrono Boost)  
  16  1:30  Gateway  
  16  1:33  Probe (Chrono Boost)  
  16  1:34  Pylon  
  17  1:44  Probe (Chrono Boost)  
  17  1:46  Pylon  
  18  1:58  Probe (Chrono Boost)  
  19  2:02  Pylon  
  19  2:06  Assimilator  
  20  2:08  Probe (Chrono Boost)  
  20  2:21  Probe (Chrono Boost)  
  21  2:34  Nexus  
  21  2:36  Cybernetics Core  
  21  2:41  Probe (Chrono Boost)  
  22  2:54  Probe (Chrono Boost)  
  23  3:12  Probe (Chrono Boost)  
  24  3:15  Assimilator  
  24  3:22  Probe (Chrono Boost)  
  24  3:23  Nexus  
  24  3:39  Pylon  
  24  3:43  Pylon  
  24  3:46  Pylon  
  24  3:47  Pylon  
  24  3:53  Probe (Chrono Boost)  
  26  3:56  Probe (Chrono Boost)  
  26  4:01  Stargate, Pylon  
  26  4:03  Probe (Chrono Boost)  
  26  4:06  Probe (Chrono Boost)  
  26  4:07  Pylon  
  28  4:14  Probe (Chrono Boost)  
  28  4:17  Probe (Chrono Boost)  
  30  4:24  Forge, Probe (Chrono Boost)  
  30  4:27  Probe (Chrono Boost)  
  32  4:35  Probe (Chrono Boost)  
  32  4:38  Probe (Chrono Boost)  
  34  4:40  Probe (Chrono Boost)  
  34  4:45  Probe (Chrono Boost)  
  36  4:49  Void Ray (Chrono Boost)  
  36  4:51  Probe x2  
  42  4:54  Probe  
  43  5:03  Probe, Photon Cannon  
  43  5:04  Probe  
  43  5:05  Photon Cannon  
  45  5:08  Photon Cannon  
  45  5:13  Probe  
  45  5:16  Pylon  
  45  5:19  Probe  
  47  5:24  Pylon  
  47  5:25  Probe  
  47  5:26  Pylon  
  48  5:31  Void Ray (Chrono Boost)  
  52  5:39  Probe, Photon Cannon  
  52  5:42  Photon Cannon  
  53  5:44  Photon Cannon  
  53  5:47  Probe  
  53  5:50  Probe  
  54  6:00  Probe  
  54  6:02  Assimilator, Nexus  
  55  6:04  Assimilator  
  55  6:12  Probe  
  55  6:13  Nexus  
  55  6:16  Oracle (Chrono Boost)  
  59  6:26  Probe  
  60  6:34  Probe  
  60  6:39  Gateway  
  61  6:40  Gateway  
  61  6:44  Gateway  
  61  6:45  Gateway  
  61  6:46  Probe  
  65  6:47  Void Ray (Chrono Boost)  
  65  6:49  Pylon  
  63  7:01  Probe  
  63  7:05  Assimilator  
  63  7:08  Probe x2  
  65  7:10  Twilight Council  
  65  7:13  Probe  
  67  7:22  Gateway  
  67  7:23  Gateway  
  67  7:25  Gateway  
  67  7:27  Pylon x2  
Tags
 
Add a new tag
Caveats
  • Supply blocks, unpowered buildings, or Contaminate may cause inaccurate times.
  • Supply counts are checked every 10 seconds.